 Dungeon Crawl Stone Soup version 0.27-a0-684-g359e429f13 (webtiles) character file.

Game seed: 782939759603203458

98 Gildeon the Skirmisher (level 5, -1/41 (42) HPs)
             Began as a Formicid Fighter on Mar 20, 2021.
             Slain by an orc
             ... wielding a +2 falchion of draining
              (5 damage)
             ... on level 3 of the Dungeon.
             The game lasted 00:05:40 (2023 turns).

Gildeon the Skirmisher (Formicid Fighter)           Turns: 2023, Time: 00:05:41

HP:   -1/41 (42)    AC:  7    Str: 22    XL:     5   Next: 0%
MP:   5/5           EV:  8    Int:  7    God:
Gold: 81            SH:  9    Dex: 10    Spells: 4/4 levels left

rFire    . . .     SeeInvis +   a - +0 trident
rCold    . . .     Faith    .   c - +0 kite shield
rNeg     . . .     Spirit   .   b - +0 scale mail
rPois    .         Reflect  .   (helmet unavailable)
rElec    .         Harm     .   (no cloak)
rCorr    .         Rampage  .   (no gloves)
Will     .....                  (no boots)
Stlth    ..........             (no amulet)
HPRegen  0.13/turn              (no ring)
MPRegen  0.09/turn              (no ring)

@: brilliant, flying, lightly drained
A: permanent stasis, dig shafts and tunnels, antennae 3, four strong arms
a: Dig, Shaft Self


You were on level 3 of the Dungeon.
You visited 1 branch of the dungeon, and saw 3 of its levels.

You collected 81 gold pieces.

Inventory:

Hand Weapons
 a - a +0 trident (weapon)
Armour
 b - a +0 scale mail (worn)
 c - a +0 kite shield (worn)
Scrolls
 e - 3 scrolls of teleportation {unknown}
 f - a scroll of holy word {unknown}
 g - a scroll of random uselessness {unknown}
 h - a scroll of identify {unknown}
 i - a scroll of acquirement {unknown}
 j - a scroll of enchant armour {unknown}
 k - a scroll of torment {unknown}
 n - 2 scrolls of immolation {unknown}
Potions
 d - a potion of might


   Skills:
 + Level 4.0 Fighting
 * Level 3.6 Polearms
 + Level 4.0 Armour
 - Level 3.6 Shields


You had 4 spell levels left.
You didn't know any spells.
Your spell library was empty.

Dungeon Overview and Level Annotations

Branches:
Dungeon (3/15)

Altars:

Shops:
D:1 *   D:2 !

Annotations:
D:3 Sigmund


Innate Abilities, Weirdness & Mutations

You cannot be hasted, slowed, berserked, paralysed or teleported.
You can dig through walls and to a lower floor.
You have a pair of large antennae on your head. (SInv)
Your four strong arms can wield two-handed weapons with a shield.


Message History

The orc hits you. The orc hits you with a +0 flail! The orc hits you.
You hit the orc.
The orc is severely wounded.
The orc hits you but does no damage. x2; The orc hits you with a +0 flail.
You closely miss the orc.
The orc is severely wounded.
The orc closely misses you. The orc barely misses you.
You barely miss the orc.
The orc is severely wounded.
The orc hits you. You block the orc's attack.
You closely miss the orc.
The orc is severely wounded.
An orc comes into view.
The orc hits you but does no damage. The orc barely misses you.
The orc hits you.
* * * LOW HITPOINT WARNING * * *
Your shield prevents you from hitting the orc.
The orc is severely wounded.
You block the orc's attack. The orc hits you but does no damage.
Okay, then.
Okay, then.
It was a potion of flight.
You feel very buoyant.
You fly up into the air.
The orc closely misses you.
You closely miss the orc.
The orc hits you with a +2 falchion of draining.
* * * LOW HITPOINT WARNING * * *
You feel drained. You block the orc's attack.
It was a potion of haste.
Your stasis prevents you from being hasted.
You block the orc's attack.
It was a potion of brilliance.
You feel clever all of a sudden.
The orc barely misses you. x2; The orc hits you.
* * * LOW HITPOINT WARNING * * *
You hit the orc.
The orc is almost dead.
You block the orc's attack. x2; The orc hits you but does no damage.
The orc hits you with a +2 falchion of draining.
You die...

.).. ....#
###################### .....#
.#...#.#...#...#.....# .>...#
.#..#...#..#..#.....<#
#....#.#.#.....#.#.#.......#
###.....###.......###........#
o............................#
..###......o###.......#.....#
#.#....{#@#.#............'
#..#...#oo#..#...###.....#
#...#.#...#...#..# #.....#
################.# ####### #.#
{... ..## #.# ...


You could see 3 orcs.

Vanquished Creatures
  3 gnolls
  2 adders (D:2)
  2 worms (D:2)
  3 dart slugs
  A leopard gecko (D:2)
  6 bats
  A giant cockroach (D:2)
  2 goblins
  4 hobgoblins (D:2)
  4 jackals (D:1)
  A quokka (D:1)
  A ball python (D:1)
  2 frilled lizards
  4 kobolds
  5 rats
41 creatures vanquished.

Notes
Turn   | Place    | Note
-------+----------+-------------------------------------------
     0 | D:1      | Gildeon the Formicid Fighter began the quest for the Orb.
     0 | D:1      | Reached XP level 1. HP: 18/18 MP: 1/1
   333 | D:1      | Reached XP level 2. HP: 24/24 MP: 2/2
   369 | D:1      | Found Uvyjodgh's Assorted Antiques.
   697 | D:2      | Reached XP level 3. HP: 22/29 MP: 3/3
   832 | D:2      | Found Zaidghuemu's Distillery.
  1037 | D:2      | Reached XP level 4. HP: 37/37 MP: 4/4
  1815 | D:3      | Noticed Sigmund
  2008 | D:3      | Reached XP level 5. HP: 42/42 MP: 5/5
  2023 | D:3      | Slain by an orc

Illustrated notes

Levels and vault maps discovered:
D:1:      matt_arrival_grand_opening, layout_basic, serial_shops,
          nicolae_shop_overgrown_old_shop
D:2:      layout_basic, serial_glass, glass_columns_b, glass_columns_b,
          minmay_strange_pillars, minmay_strange_pillars, serial_shops, shop,
          kennysheep_minor_cross, hangedman_decor_lopped
D:3:      layout_basic, minitemple, hangedman_decor_diamond_cutter, uniq_sigmund

Skill      XL: |  1  2  3  4 |
---------------+-------------+-----
Polearms       | 3 |  3.6
Fighting       | 4 |  4.0
Armour         | 4 |  4.0
Shields        | |  3.6

Action                   |  1- 3 |  4- 6 || total
-------------------------+-------+-------++-------
Melee: Trident           |    80 |    67 ||   147
  Use: Potion            |       |     3 ||     3
Armor: Scale mail        |    30 |    23 ||    53
Dodge: Dodged            |    23 |    22 ||    45
Block: Kite shield       |    31 |    41 ||    72

Table legend: (Time is in decaauts)
 A = Elapsed time spent in this place.
 B = Non-inter-level travel time spent in this place.
 C = Inter-level travel time spent in this place.
 D = Time resting spent in this place.
 E = Time spent auto-exploring this place.
 F = Levels seen in this place.
 G = Mean time per level.
                   A        B        C        D        E       F      G
               +--------+--------+--------+--------+--------+-----+--------+
         Total |   2072 |   1981 |     91 |     98 |   1506 |   3 |  690.7 |
       Dungeon |   2072 |   1981 |     91 |     98 |   1506 |   3 |  690.7 |
               +--------+--------+--------+--------+--------+-----+--------+

Top non-repeatable levels by time:
     D:2: 1249 daAuts
     D:1: 706 daAuts
     D:3: 116 daAuts
